 Dungeon Crawl Stone Soup version 0.28-a0-1152-g9c71ebef14 (webtiles) character file.

Game seed: 2493396776873739872

55988 mandarbmax the Brawler (level 14, -4/140 HPs)
             Began as a Troll Cinder Acolyte on Dec 14, 2021.
             Was a Believer of Ignis.
             Slain by an azure jelly (5 damage)
             ... on level 6 of the Lair of Beasts on Dec 15, 2021.
             The game lasted 00:47:30 (18851 turns).

mandarbmax the Brawler (Troll Cinder Acolyte)      Turns: 18851, Time: 00:47:33

Health: -4/140     AC: 11    Str: 25    XL:     14   Next: 40%
Magic:  14/14      EV: 11    Int: 12    God:    Ignis [**....]
Gold:   1088       SH:  9    Dex:  7    Spells: 11/15 levels left

rFire   + + .      SeeInvis .     - Unarmed
rCold   + . .      Faith    .   y - +0 kite shield
rNeg    . . .      Spirit   .   z - +1 robe {rC+ rF+}
rPois   +          Reflect  .   (helmet restricted)
rElec   .          Harm     .   L - +1 cloak
rCorr   .          Rampage  .   (gloves unavailable)
Will    +....                   (boots unavailable)
Stlth   +.........              (no amulet)
HPRegen 1.13/turn               Q - +4 ring of protection
MPRegen 0.14/turn               H - ring of poison resistance

@: no status effects
A: large, unfitting armour, claws 3, regeneration 1, shaggy fur 1, tough skin 1
a: Renounce Religion, Fiery Armour, Foxfire Swarm


You were on level 6 of the Lair of Beasts.
You worshipped Ignis.
Ignis was pleased with you.
You visited 4 branches of the dungeon, and saw 21 of its levels.

You collected 1308 gold pieces.
You spent 220 gold pieces at shops.

Inventory:

Missiles
 d - 10 atropa-tipped darts
 l - a curare-tipped dart
 u - 44 poisoned darts
 K - 3 throwing nets
 O - 4 boomerangs (quivered)
 X - 4 silver javelins
Armour
 y - a +0 kite shield (worn)
 z - a +1 robe of resistance (worn)
 E - the +1 robe "Linarghun" {Rampage rF+ rCorr}
   (You found it on level 9 of the Dungeon)

   rF:        It protects you from fire.
   rCorr:     It protects you from acid and corrosion.
   Rampage:   It bestows one free step when moving towards enemies.
 L - a +1 cloak (worn)
Jewellery
 b - a +6 ring of intelligence
 r - a +6 ring of intelligence
 t - a ring of protection from cold
 H - a ring of poison resistance (right claw)
 P - a ring of ice
 Q - a +4 ring of protection (left claw)
 T - the ring of Gogaserch {*Corrode rC++ Int+4 SInv}
   (You found it on level 4 of the Lair of Beasts)

   [ring of see invisible]

   Int:       It affects your intelligence (+4).
   rC:        It greatly protects you from cold.
   SInv:      It lets you see invisible.
   *Corrode:  It may corrode you when you take damage.
 Y - a ring of flight
Wands
 q - a wand of iceblast (14)
 J - a wand of flame (23)
 M - a wand of mindburst (10)
 N - a wand of paralysis (15)
 R - a wand of charming (11)
Scrolls
 c - 2 scrolls of amnesia
 f - a scroll of summoning {unknown}
 i - 2 scrolls of brand weapon {unknown}
 j - 3 scrolls of enchant weapon
 k - a scroll of blinking
 m - 2 scrolls of holy word
 s - 2 scrolls of fear
 w - 4 scrolls of teleportation
 x - 3 scrolls of silence
 C - 2 scrolls of vulnerability
 F - a scroll of fog {unknown}
 G - 2 scrolls of magic mapping
 I - a scroll of immolation
 U - a scroll of enchant armour {unknown}
 W - a scroll of identify
Potions
 a - 5 potions of haste {unknown}
 e - 2 potions of resistance
 g - 8 potions of heal wounds {unknown}
 h - 4 potions of attraction {unknown}
 n - 5 potions of curing
 o - 2 potions of brilliance
 p - 2 potions of cancellation {unknown}
 v - 2 potions of might
 B - 4 potions of mutation
 D - 4 potions of ambrosia
 S - 2 potions of flight
Miscellaneous
 V - a tin of tremorstones (inert)


   Skills:
 + Level 9.1 Fighting
 - Level 10.0 Throwing
 - Level 9.0 Dodging
 - Level 9.0 Shields
 * Level 15.1 Unarmed Combat
 - Level 1.0 Spellcasting
 - Level 2.1 Fire Magic
 + Level 0.9 Evocations


You had 11 spell levels left.
You knew the following spells:

 Your Spells              Type           Power      Damage    Failure   Level
a - Scorch                Fire           10%        2d6       19%         2
b - Wereblood             Tmut           0%         N/A       41%         2

Your spell library contained the following spells:

 Spells                   Type           Power      Damage    Failure   Level
 Excruciating Wounds      Necr           0%         N/A       100%        5
 Conjure Ball Lightning   Conj/Air       0%         3x3d6     100%        6
 Death Channel            Necr           0%         N/A       100%        6
 Dispersal                Tloc           0%         N/A       100%        6
 Discord                  Hex            0%         N/A       100%        8
 Disjunction              Tloc           0%         N/A       100%        8


Dungeon Overview and Level Annotations

Branches:
Dungeon (13/15)            Temple (1/1) D:6            Lair (6/6) D:10
 Shoals (0/4) Lair:2       Spider (0/4) Lair:4        Slime (1/5) Lair:6
    Orc (0/2) D:12         Vaults (0/5) D:13

Altars:
Ashenzari
Cheibriados
Dithmenos
Elyvilon
Fedhas
Gozag
Hepliaklqana
Kikubaaqudgha
Makhleb
Nemelex Xobeh
Okawaru
Qazlal
Ru
Sif Muna
Trog
Uskayaw
Vehumet
Wu Jian
Xom
Yredelemnul
Zin
The Shining One

Shops:
D:11 [   D:12 (

Annotations:
Lair:1 exclusion: oklob plant
Lair:6 exclusion: obsidian statue


Innate Abilities, Weirdness & Mutations

You are too large for most types of armour.
You have claws for hands.
Your natural rate of healing is unusually fast.
You are covered in fur. (AC +1)
You have tough skin. (AC +1)


Message History

The azure jelly barely misses you. You block the azure jelly's attack. x2
You mangle the azure jelly!!
The azure jelly is severely wounded.
The azure jelly hits you but does no damage.
You block the azure jelly's attack. The azure jelly hits you.
The azure jelly hits you but does no damage.
You closely miss the azure jelly.
The azure jelly is heavily wounded.
You flicker back into view.
A rockslime comes into view.
The azure jelly hits you but does no damage.
The azure jelly barely misses you. You block the azure jelly's attack.
The azure jelly hits you but does no damage.
The azure jelly hits you! The azure jelly freezes you!! You resist.
* * * LOW HITPOINT WARNING * * *
The azure jelly barely misses you. The azure jelly hits you!
* * * LOW HITPOINT WARNING * * *
You block the azure jelly's attack.
You climb upwards.
Welcome back to the Lair of Beasts!
Level annotation: exclusion: obsidian statue
There is a staircase to the Slime Pits here.
Unknown command.
Unknown command.
You claw the azure jelly!
The azure jelly is severely wounded.
The azure jelly hits you.
* * * LOW HITPOINT WARNING * * *
The azure jelly freezes you! You resist.
* * * LOW HITPOINT WARNING * * *
The azure jelly barely misses you.
The azure jelly hits you but does no damage.
You block the azure jelly's attack.
The azure jelly jiggles.
The azure jelly hits you.
* * * LOW HITPOINT WARNING * * *
The azure jelly freezes you! You resist.
* * * LOW HITPOINT WARNING * * *
The azure jelly hits you but does no damage.
You block the azure jelly's attack. The azure jelly hits you.
You die...

#..#....####....###.#
####....## ##...#####
###......#.# #..#.....
#......####### ##.......
###.....## ##.## #..P..#.
#......######...######.#.#
##....#.##....>..# #####
#.....###........#
#....#...@J.....##
##............#.#
###.......###### #########


You could see an azure jelly.

Vanquished Creatures
  7 dire elephants (Lair:6)
  4 hydras
  Harold (D:11)
  A boulder beetle (D:11)
  Fannar (Lair:2)
  A catoblepas (Lair:6)
  A centaur warrior (D:13)
  A dancing weapon (D:13)
  2 two-headed ogres
  4 death yaks
  A spectral dire elephant (Lair:6)
  A spectral anaconda (Lair:6)
  3 spectral death yaks (Lair:6)
  Pikel (D:7)
  3 necromancers (Lair:6)
  An orb spider (Lair:4)
  2 manticores
  6 black mambas
  5 oklob plants (Lair:6)
  A merfolk siren (Lair:2)
  Joseph (D:7)
  A dire elephant zombie (Lair:6)
  15 elephants (Lair:6)
  11 cane toads
  2 gargoyles
  9 komodo dragons
  2 kobold demonologists (D:10)
  Psyche (D:11)
  4 rime drakes
  2 trolls
  A hornet (D:10)
  A polar bear (Lair:3)
  Prince Ribbit (D:5)
  14 blink frogs
  A spectral elephant (Lair:6)
  7 dream sheep (Lair:4)
  Sigmund (D:2)
  A dire elephant simulacrum (Lair:6)
  2 wyverns
  A basilisk (Lair:3)
  32 yaks
  2 steam dragons
  A spectral cane toad (Lair:6)
  An acid dragon (D:10)
  7 water moccasins
  A black bear (D:4)
  3 ice beasts
  4 orc warriors
  2 hornet zombies
  2 elephant zombies (Lair:6)
  A necrophage (D:6)
  2 ogres
  18 wolves
  3 centaurs
  An elephant skeleton (Lair:6)
  A lemure (D:7)
  4 kobold brigands
  Blork the orc (D:6)
  8 bullfrogs
  A gnoll sergeant (D:5)
  A wyvern zombie (D:8)
  A water moccasin zombie (D:6)
  A wyvern skeleton (D:7)
  A water moccasin skeleton (D:6)
  3 killer bees (D:8)
  5 wights (D:10)
  2 electric eels (Lair:2)
  2 howler monkeys
  4 centaur zombies
  6 jellies
  2 gnoll shamans
  5 orc priests
  Crazy Yiuf (D:5)
  2 bullfrog skeletons
  2 centaur skeletons
  3 hounds
  4 iguanas
  11 orc wizards
  2 killer bee zombies
  A howler monkey zombie (D:10)
  12 gnolls
  3 adders
  A shadow imp (D:7)
  A white imp (D:5)
  An ufetubus (D:5)
  4 dart slugs
  42 orcs
  7 bats
  5 endoplasms
  5 giant cockroaches
  7 goblins
  9 hobgoblins
  2 jackals (D:1)
  3 quokkas (D:2)
  10 ball pythons
  3 frilled lizards
  18 kobolds
  5 rats
417 creatures vanquished.

Vanquished Creatures (others)
  49 foxfires
  26 fungi
  31 plants
  22 withered plants (Lair:6)
128 creatures vanquished.

Grand Total: 545 creatures vanquished

Notes
Turn   | Place    | Note
-------+----------+-------------------------------------------
     0 | D:1      | mandarbmax the Troll Cinder Acolyte began the quest for the
                  | Orb.
     0 | D:1      | Reached XP level 1. HP: 22/22 MP: 1/1
   158 | D:1      | Reached XP level 2. HP: 25/29 MP: 2/2
   303 | D:1      | Found a faded altar of an unknown god.
   945 | D:2      | Reached XP level 3. HP: 28/36 MP: 3/3
   947 | D:2      | Reached skill level 4 in Unarmed Combat
  1607 | D:2      | Noticed Sigmund
  1615 | D:2      | Killed Sigmund
  1616 | D:2      | Reached skill level 5 in Unarmed Combat
  1616 | D:2      | Reached XP level 4. HP: 17/45 MP: 4/4
  1616 | D:2      | Reached XP level 5. HP: 20/53 MP: 5/5
  1921 | D:3      | Reached skill level 6 in Unarmed Combat
  1921 | D:3      | Reached XP level 6. HP: 32/62 MP: 6/6
  2108 | D:3      | Found an ornate altar of the Wu Jian Council.
  2556 | D:4      | Learned a level 2 spell: Scorch
  2735 | D:4      | Reached skill level 7 in Unarmed Combat
  2735 | D:4      | Reached XP level 7. HP: 67/71 MP: 2/7
  3275 | D:5      | Entered Level 5 of the Dungeon
  3777 | D:5      | Found a runed translucent door.
  3778 | D:5      | Noticed Crazy Yiuf
  3785 | D:5      | Killed Crazy Yiuf
  3899 | D:5      | Noticed Prince Ribbit
  3907 | D:5      | Killed Prince Ribbit
  3908 | D:5      | Reached skill level 5 in Fighting
  3908 | D:5      | Reached skill level 8 in Unarmed Combat
  3908 | D:5      | Reached XP level 8. HP: 67/80 MP: 3/8
  4516 | D:6      | Reached skill level 9 in Unarmed Combat
  4604 | D:6      | Noticed a two-headed ogre
  4613 | D:6      | Killed a two-headed ogre
  4614 | D:6      | Reached skill level 10 in Unarmed Combat
  4614 | D:6      | Reached XP level 9. HP: 78/89 MP: 2/9
  4674 | D:6      | Found a staircase to the Ecumenical Temple.
  4687 | Temple   | Entered the Ecumenical Temple
  5164 | D:6      | Noticed Blork the orc
  5171 | D:6      | Killed Blork the orc
  5761 | D:7      | Reached skill level 11 in Unarmed Combat
  5832 | D:7      | Noticed Joseph
  5844 | D:7      | Killed Joseph
  5973 | D:7      | Noticed Pikel
  5985 | D:7      | Killed Pikel
  6079 | D:7      | Reached skill level 12 in Unarmed Combat
  6302 | D:7      | Reached XP level 10. HP: 98/102 MP: 10/10
  6457 | D:7      | You fall into a shaft and drop 2 floors!
  7835 | D:9      | Identified the +1 robe "Linarghun" {Rampage rF+ rCorr}
  8052 | D:9      | Reached skill level 13 in Unarmed Combat
  8152 | D:9      | Noticed a manticore
  8167 | D:9      | Killed a manticore
  9030 | D:10     | Entered Level 10 of the Dungeon
  9030 | D:10     | Noticed a two-headed ogre
  9274 | D:10     | Found a staircase to the Lair.
  9293 | D:10     | Killed a two-headed ogre
  9294 | D:10     | Reached skill level 14 in Unarmed Combat
  9365 | D:10     | Noticed a gargoyle
  9375 | D:10     | Reached XP level 11. HP: 101/113 MP: 11/11
  9617 | D:10     | Got the Reference Book on Transmigration and Stolen Souls
  9930 | D:11     | Noticed a boulder beetle
  9938 | D:11     | Killed a boulder beetle
  9939 | D:11     | Reached skill level 15 in Unarmed Combat
 10184 | D:11     | Found Huej's Antique Armour Emporium.
 10185 | D:11     | Noticed Harold
 10202 | D:11     | Killed Harold
 10203 | D:11     | Reached skill level 1 in Throwing
 10203 | D:11     | Reached skill level 1 in Dodging
 10203 | D:11     | Reached skill level 1 in Shields
 10291 | D:11     | Bought a glowing cloak for 187 gold pieces
 10459 | D:12     | Found a staircase to the Orcish Mines.
 10729 | D:12     | Noticed Psyche
 10741 | D:11     | Killed Psyche
 10958 | D:12     | Found Qiatwelu's Weapon Shoppe.
 10964 | D:12     | Bought 4 atropa-tipped darts for 33 gold pieces
 11099 | D:13     | Noticed a centaur warrior
 11105 | D:13     | Killed a centaur warrior
 11171 | D:13     | Found a gate to the Vaults.
 11171 | D:13     | Noticed a +4 long sword
 11171 | D:13     | Noticed a +4 long sword
 11175 | D:13     | Killed a +4 long sword
 11254 | Lair:1   | Entered Level 1 of the Lair of Beasts
 11493 | Lair:1   | Reached XP level 12. HP: 82/123 MP: 12/12
 11823 | Lair:1   | Noticed a five-headed hydra
 11829 | Lair:1   | Killed a five-headed hydra
 12451 | Lair:2   | Learned a level 2 spell: Wereblood
 12457 | Lair:2   | Noticed a four-headed hydra
 12469 | Lair:2   | Killed a four-headed hydra
 12645 | Lair:2   | Noticed Fannar
 12656 | Lair:2   | Killed Fannar
 12657 | Lair:2   | Reached skill level 5 in Throwing
 13108 | Lair:2   | Found a staircase to the Shoals.
 13352 | Lair:3   | Reached skill level 5 in Dodging
 13352 | Lair:3   | Reached skill level 5 in Shields
 13541 | Lair:3   | Noticed a four-headed hydra
 13545 | Lair:3   | Killed a four-headed hydra
 14441 | Lair:4   | Noticed a death yak
 14441 | Lair:4   | Noticed a death yak
 14441 | Lair:4   | Noticed a death yak
 14441 | Lair:4   | Noticed a death yak
 14453 | Lair:3   | Killed a death yak
 14565 | Lair:4   | Identified the ring of Gogaserch {*Corrode rC++ Int+4 SInv}
 14670 | Lair:4   | Reached XP level 13. HP: 120/131 MP: 13/13
 15088 | Lair:4   | Found a hole to the Spider Nest.
 16204 | Lair:6   | Entered Level 6 of the Lair of Beasts
 17203 | Lair:6   | Noticed a dire elephant
 17203 | Lair:6   | Noticed a dire elephant
 17203 | Lair:6   | Noticed a dire elephant
 17203 | Lair:6   | Noticed a dire elephant
 17210 | Lair:6   | Noticed a dire elephant
 17218 | Lair:6   | Killed a dire elephant
 17234 | Lair:6   | Killed a dire elephant
 17240 | Lair:6   | Noticed a dire elephant
 17249 | Lair:6   | Killed a dire elephant
 17250 | Lair:6   | Reached XP level 14. HP: 96/140 MP: 14/14
 18337 | Lair:6   | Reached skill level 10 in Throwing
 18550 | Lair:6   | Found a staircase to the Slime Pits.
 18834 | Slime:1  | Entered Level 1 of the Pits of Slime
 18834 | Slime:1  | Noticed an azure jelly
 18843 | Slime:1  | Noticed a rockslime
 18851 | Lair:6   | HP: 1/140 [azure jelly (14)]
 18851 | Lair:6   | Slain by an azure jelly

Illustrated notes

Levels and vault maps discovered:
D:1:      dpeg_cavernosity, layout_basic, dreamdust_ecumenical_altar_statues,
          minmay_misc_feat_rows
D:2:      minmay_wonky_spiral, layout_loops_ring, uniq_sigmund
D:3:      layout_basic, old_standard_altar, st_stairs_5
D:4:      layout_cave_pools
D:5:      layout_loops_ring, fountainhead, uniq_crazy_yiuf_cottage,
          uniq_prince_ribbit1
D:6:      layout_loops_ring, minmay_temple_entry_wispy, uniq_blork_the_orc
D:7:      layout_cave_pods, minmay_strange_pillars, lemuel_old_faithful,
          uniq_pikel, uniq_joseph
D:8:      layout_loops_ring
D:9:      layout_layer_cave
D:10:     layout_basic, dpeg_oklobed_lair, st_stairs_12,
          kennysheep_generic_room_7
D:11:     layout_cave_pools, serial_shops, nicolae_shop_hallway_plus,
          uniq_harold
D:12:     layout_big_octagon, david_orc_3, serial_shops,
          nicolae_shop_bloodbath_and_beyond, grunt_decor_junction, uniq_psyche
D:13:     layout_roguey, erik_vaults_1
Temple:   mainiacjoe_temple_hex_bubbles
Lair:1:   layout_loops_ring, minmay_lair_oklob_bushes, grunt_megastairs_5,
          infiniplex_staircase_pool
Lair:2:   layout_roguey, elwin_shoals_entry_rooms, uniq_fannar
Lair:3:   layout_regular_city, st_stairs_3, serial_bayou_pond_b
Lair:4:   layout_long_grid, nicolae_spider_entry_orb_guardian,
          infiniplex_staircase_pool_2, grunt_megastairs_4, lemuel_fruit_tree
Lair:5:   layout_long_grid
Lair:6:   due_jungle_book, layout_regular_city,
          minmay_slime_entry_oklob_enclosed, grunt_megastairs_1
Slime:1:  layout_caves

Skill      XL: |  1  2  3  4  5  6  7  8  9 10 11 12 13 14 |
---------------+-------------------------------------------+-----
Unarmed Combat | 5 6 7 8 10 12 14 15 | 15.1
Fighting       | 3 4 5 6 7 8 9 |  9.1
Throwing       | 4 7 9 10 | 10.0
Dodging        | 3 6 8 9 |  9.0
Shields        | 3 6 8 9 |  9.0
Spellcasting   | |  1.0
Fire Magic     | |  2.1
Evocations     | |  0.9

Action                   |  1- 3 |  4- 6 |  7- 9 | 10-12 | 13-15 || total
-------------------------+-------+-------+-------+-------+-------++-------
Melee: Unarmed           |    96 |    77 |   175 |   511 |   539 ||  1398
       Punch             |     1 |     2 |     4 |    28 |     9 ||    44
Throw: Dart              |       |       |    68 |   124 |   147 ||   339
       Boomerang         |       |       |     2 |    29 |    12 ||    43
       Javelin           |       |       |       |       |     7 ||     7
 Cast: Scorch            |       |     6 |    48 |       |       ||    54
Invok: Foxfire Swarm     |     1 |       |     1 |     1 |       ||     3
       Fiery Armour      |       |       |       |     1 |     3 ||     4
       Rising Flame      |       |       |       |       |     1 ||     1
Evoke: Tin of tremorston |       |       |       |       |     2 ||     2
  Use: Scroll            |       |       |     7 |    14 |     1 ||    22
       Potion            |       |       |     1 |     2 |     4 ||     7
 Stab: Invisible         |       |       |       |       |     6 ||     6
Armor: Robe              |    24 |    16 |    42 |   143 |   158 ||   383
       Skin              |       |       |       |    10 |       ||    10
Dodge: Dodged            |    38 |    26 |    68 |   194 |   164 ||   490
Block: Kite shield       |       |       |       |       |   148 ||   148

Table legend: (Time is in decaauts)
 A = Elapsed time spent in this place.
 B = Non-inter-level travel time spent in this place.
 C = Inter-level travel time spent in this place.
 D = Time resting spent in this place.
 E = Time spent auto-exploring this place.
 F = Levels seen in this place.
 G = Mean time per level.
                   A        B        C        D        E       F      G
               +--------+--------+--------+--------+--------+-----+--------+
         Total |  18528 |  17700 |    828 |   1102 |  13721 |  21 |  882.3 |
       Dungeon |  10934 |  10348 |    586 |    237 |   8563 |  13 |  841.1 |
        Temple |    236 |    227 |      9 |      0 |    227 |   1 |  236.0 |
          Lair |   7349 |   7118 |    231 |    865 |   4930 |   6 | 1224.8 |
    Slime Pits |      8 |      8 |      0 |      0 |      0 |   1 |    8.0 |
               +--------+--------+--------+--------+--------+-----+--------+

Top non-repeatable levels by time:
  Lair:6: 2399 daAuts
     D:9: 1406 daAuts
  Lair:3: 1152 daAuts
     D:5: 1131 daAuts
     D:7: 1053 daAuts
  Lair:4: 1040 daAuts
  Lair:2: 1023 daAuts
  Lair:1: 1021 daAuts
     D:6: 970 daAuts
     D:8: 968 daAuts
     D:1: 934 daAuts
    D:10: 847 daAuts
     D:2: 784 daAuts
     D:4: 772 daAuts
     D:3: 765 daAuts
